Map: Emerald City LE

Players

StarVeiter

  • Race: Zerg Zerg
  • Spawn Location: 11:00

Tajon

  • Race: Protoss Protoss
  • League: Diamond
  • Spawn Location: 11:00

Massa

  • Race: Terran Terran
  • League: Gold
  • Spawn Location: 5:00

qqq

  • Race: Zerg Zerg
  • League: Platinum
  • Spawn Location: 5:00

VOD

Have the link to the VOD?

Description

Time

  • Played on: May 30, 2020, 5:15 a.m.
  • Length: 26:10
Show
View Real Time Build Order
Export as new Build Order

StarVeiter Zerg 

Build Orders: Hatch First 

Get SALT Encoding   

  12  0:03  Drone  
  13  0:13  Overlord  
  13  0:19  Drone  
  14  0:48  Drone  
  15  0:50  Drone  
  15  0:53  Hatchery  
  15  1:08  Spawning Pool  
  14  1:12  Drone, Extractor  
  14  1:16  Drone  
  15  1:21  Drone  
  16  1:34  Drone  
  17  1:42  Drone  
  18  1:50  Overlord  
  18  2:06  Queen  
  18  2:07  Queen  
  22  2:14  Metabolic Boost  
  22  2:30  Drone x2  
  22  2:31  Drone x2  
  22  2:32  Drone  
  22  2:36  Drone  
  28  2:58  Roach Warren  
  27  3:03  Extractor  
  26  3:06  Drone x2  
  26  3:07  Drone x4  
  32  3:19  Drone x2, Overlord  
  35  3:20  Drone  
  35  3:26  Drone  
  36  3:37  Zergling x2  
  36  3:39  Drone, Zergling x2  
  36  3:40  Overlord  
  36  3:41  Zergling x2  
  40  3:49  Roach  
  40  3:51  Lair  
  42  4:05  Roach x4  
  50  4:12  Extractor  
  50  4:14  Extractor  
  48  4:23  Overlord  
  48  4:24  Drone x2  
  47  4:55  Baneling Nest  
  47  4:57  Roach x2  
  47  4:58  Overlord, Roach x4  
  58  5:03  Ravager x2  
  58  5:05  Overlord x2  
  50  5:31  Roach x4  
  50  5:32  Roach x4  
  56  5:56  Drone x3  
  56  5:57  Drone x2  
  42  6:07  Queen  
  42  6:09  Zergling x8  
  30  6:20  Drone  
  30  6:21  Drone  
  30  6:30  Queen  
  30  6:40  Drone  
  30  6:41  Drone x4  
  30  6:44  Roach  
  36  6:58  Roach x3  
  26  7:31  Zergling x4, Roach x2  
  26  7:32  Zergling x2, Roach  
  35  7:56  Drone  
  35  7:57  Drone x5  
  39  8:07  Ravager x4  
  39  8:09  Drone x2  
  39  8:10  Drone x2  
  39  8:11  Queen  
  49  8:16  Drone, Spine Crawler  
  49  8:17  Spine Crawler  
  48  8:22  Drone  
  49  8:28  Glial Reconstitution  
  49  8:31  Drone x2  
  44  8:55  Drone  
  44  8:56  Drone x5  
  50  9:09  Drone x3, Overlord  
  53  9:24  Evolution Chamber x2  
  52  9:26  Evolution Chamber  
  52  9:28  Hydralisk Den  
  52  9:29  Zergling x6  
  52  9:39  Drone  
  52  9:41  Zergling x2  
  54  9:47  Zergling x6, Overlord  
  54  9:49  Centrifical Hooks  
  54  9:52  Zerg Ground Armor Level 1  
  57  9:53  Zerg Melee Weapons Level 1  
  57  9:54  Zerg Missile Weapons Level 1  
  57  10:08  Baneling  
  57  10:09  Hatchery, Baneling x3  
  57  10:11  Extractor  
  57  10:12  Drone  
  56  10:14  Extractor  
  56  10:17  Pneumatized Carapace  
  55  10:33  Drone x8  
  55  10:35  Drone  
  60  10:59  Zergling x6  
  60  11:00  Zergling x4  
  60  11:03  Baneling x6  
  60  11:04  Baneling x2  
  60  11:05  Roach  
  62  11:14  Roach x4  
  62  11:15  Roach x2  
  69  11:36  Drone x3  
  69  11:37  Drone  
  73  11:56  Grooved Spines, Zerg Missile Weapons Level 2  
  73  11:57  Zerg Ground Armor Level 2, Zerg Melee Weapons Level 2  
  73  12:01  Lurker Den  
  72  12:02  Hatchery  
  72  12:03  Extractor  
  72  12:04  Drone x4  
  72  12:05  Drone  
  72  12:07  Extractor  
  74  12:26  Hydralisk x2, Overlord x2  
  74  12:27  Hydralisk  
  80  12:50  Hatchery, Hydralisk  
  80  12:51  Extractor, Roach x2  
  85  12:52  Drone  
  85  13:07  Muscular Augments  
  85  13:08  Extractor  
  84  13:18  Hydralisk x2  
  84  13:19  Hydralisk x2, Spore Crawler  
  90  13:22  Spore Crawler x2  
  87  13:30  Spore Crawler x2  
  85  13:37  Spore Crawler x2  
  77  13:43  Spore Crawler  
  61  13:48  Ravager  
  61  13:49  Ravager  
  61  13:50  Hydralisk  
  61  13:51  Roach x3  
  70  14:07  Drone x3  
  70  14:08  Drone x2  
  75  14:30  Hatchery  
  74  14:42  Lurker x2  
  76  14:48  Drone x6  
  76  14:49  Drone  
  83  15:00  Infestation Pit  
  82  15:14  Drone x5  
  82  15:15  Drone x5  
  92  15:26  Queen  
  94  15:29  Burrow  
  53  16:06  Hydralisk x6  
  53  16:07  Hydralisk x3  
  70  16:18  Hydralisk x2  
  66  16:47  Queen  
  66  16:52  Zergling x12  
  66  16:53  Zergling x2  
  75  17:08  Drone x3  
  72  17:36  Hive  
  70  17:56  Spore Crawler  
  70  17:58  Extractor x2, Spore Crawler  
  67  17:59  Spore Crawler  
  67  18:03  Zergling x4  
  67  18:04  Zergling x18  
  67  18:05  Zergling x2  
  76  18:34  Hatchery, Hydralisk x3  
  76  18:35  Hydralisk x3  
  76  18:37  Extractor x2  
  76  18:41  Zergling x6  
  88  19:07  Hydralisk x7  
  99  19:18  Hydralisk x3  
  99  19:39  Hydralisk x3  
  99  19:40  Overlord  
  99  19:41  Overlord  
  105  19:51  Overlord x2  
  105  19:59  Hydralisk x3  
  111  20:08  Zerg Missile Weapons Level 3  
  107  20:19  Queen  
  109  20:28  Drone x5  
  111  20:29  Drone  
  115  20:49  Zergling x2  
  117  20:50  Zergling x2  
  117  20:51  Spore Crawler x2  
  117  20:54  Spore Crawler  
  111  21:16  Drone x4  
  111  21:17  Drone x6  
  119  21:27  Overlord  
  119  21:28  Drone x4  
  113  22:00  Drone  
  113  22:01  Drone x3, Hydralisk x7  
  115  22:02  Hydralisk  
  115  22:05  Drone x2  
  115  22:06  Drone  
  126  22:15  Drone, Hydralisk  
  126  22:16  Drone, Hydralisk  
  130  22:42  Drone x5, Hydralisk x3  
  130  22:43  Drone  
  124  22:48  Spore Crawler  
  124  22:51  Spore Crawler  
  106  22:59  Drone x2, Hydralisk x2  
  106  23:00  Hydralisk x4  
  120  23:14  Hydralisk  
  120  23:15  Hydralisk x3  
  126  23:43  Hydralisk x5  
  126  23:45  Overlord x3  
  136  23:51  Overlord  
  136  24:16  Hydralisk  
  136  24:17  Hydralisk x2  
  134  24:18  Hydralisk, Roach x2  
  134  24:20  Roach  
  147  24:30  Spire  
  134  24:40  Drone x3  
  134  24:41  Drone x4  
  120  25:36  Hatchery  
  120  25:39  Extractor  
  120  25:40  Extractor, Overlord x2  
  118  26:03  Hatchery, Extractor  
  126  26:07  Extractor  
Show
View Real Time Build Order
Export as new Build Order

Tajon Protoss 

Build Orders:  

Get SALT Encoding   

  12  0:01  Probe  
  13  0:13  Probe  
  14  0:19  Pylon  
  14  0:25  Probe  
  15  0:38  Probe (Chrono Boost)  
  16  0:47  Gateway  
  16  0:48  Probe (Chrono Boost)  
  17  0:53  Probe (Chrono Boost)  
  18  1:05  Probe (Chrono Boost)  
  19  1:17  Probe (Chrono Boost)  
  20  1:25  Probe (Chrono Boost)  
  21  1:43  Probe  
  21  1:47  Cybernetics Core  
  22  1:55  Probe  
  22  1:56  Nexus, Assimilator  
  22  1:58  Assimilator  
  23  2:10  Pylon  
  23  2:16  Gateway  
  22  2:27  Probe  
  22  2:28  Warp Gate (Chrono Boost), Adept  
  25  2:41  Gateway  
  25  2:42  Gateway  
  25  2:45  Probe  
  26  2:57  Probe  
  27  3:03  Adept x2  
  31  3:09  Probe  
  31  3:12  Probe  
  33  3:14  Pylon  
  33  3:21  Probe  
  33  3:24  Probe  
  35  3:33  Probe  
  36  3:35  Robotics Facility  
  36  3:36  Probe  
  37  3:42  Adept  
  37  3:45  Probe  
  37  3:48  Probe  
  41  3:51  Twilight Council  
  41  3:57  Probe  
  41  4:00  Probe  
  43  4:09  Probe  
  44  4:11  Shield Battery  
  44  4:12  Probe  
  44  4:13  Shield Battery  
  45  4:21  Probe, Adept x2  
  50  4:24  Probe  
  51  4:34  Probe  
  51  4:36  Probe  
  53  4:46  Probe  
  53  4:50  Probe  
  51  4:53  Adept  
  51  4:57  Blink (Chrono Boost)  
  51  4:58  Pylon  
  51  4:59  Pylon  
  53  5:03  Pylon  
  53  5:07  Pylon  
  53  5:09  Assimilator  
  53  5:10  Assimilator  
  53  5:14  Pylon  
  53  5:16  Pylon  
  53  5:24  Adept x2  
  53  5:25  Adept x2  
  53  5:37  Immortal (Chrono Boost)  
  47  5:48  Stalker x4  
  55  6:08  Probe x2  
  57  6:15  Stalker x3  
  57  6:17  Stalker  
  65  6:20  Probe x2  
  63  6:39  Zealot x3  
  67  6:42  Zealot  
  65  7:00  Zealot x3  
  67  7:01  Charge (Chrono Boost)  
  67  7:08  Zealot  
  65  7:26  Zealot x3  
  69  7:33  Probe x2  
  71  7:45  Pylon  
  71  7:48  Probe  
  72  7:59  Zealot x2  
  72  8:00  Probe, Zealot  
  79  8:23  Zealot  
  79  8:24  Zealot x3  
  87  8:32  Forge  
  87  8:34  Forge  
  87  8:37  Gateway  
  87  8:38  Gateway  
  85  8:47  Zealot x3  
  57  9:04  Protoss Ground Weapons Level 1 (Chrono Boost)  
  57  9:06  Protoss Ground Armor Level 1 (Chrono Boost)  
  57  9:20  Zealot x2  
  57  9:21  Zealot x2  
  59  9:30  Immortal  
  59  9:33  Zealot  
  59  9:34  Zealot  
  63  9:43  Nexus  
  63  9:45  Zealot  
  59  9:50  Zealot  
  61  9:54  Zealot  
  61  9:56  Zealot  
  61  9:59  Zealot  
  67  10:03  Zealot  
  69  10:08  Templar Archives  
  69  10:13  Stalker  
  71  10:17  Stalker  
  73  10:22  Pylon  
  73  10:29  Stalker  
  73  10:31  Stalker  
  73  10:35  Observer  
  78  10:38  Zealot  
  80  10:46  Zealot x2  
  80  10:47  Zealot  
  86  10:55  Zealot  
  86  10:56  Zealot  
  62  11:05  Zealot  
  62  11:15  Zealot x3  
  62  11:16  Zealot  
  60  11:26  Probe  
  60  11:27  Probe x2  
  60  11:28  Zealot x2  
  67  11:39  Probe, Zealot  
  70  11:40  Zealot x2  
  74  11:54  Probe x3  
  74  11:56  Stalker  
  74  11:57  Protoss Ground Weapons Level 2 (Chrono Boost), Stalker  
  74  12:00  High Templar x2  
  85  12:03  High Templar x2  
  85  12:05  Archon  
  85  12:07  Archon  
  85  12:08  Protoss Ground Armor Level 2 (Chrono Boost)  
  89  12:15  Probe x2  
  90  12:16  Probe  
  92  12:31  High Templar, Psionic Storm  
  92  12:32  High Templar  
  92  12:35  Archon  
  96  12:37  Zealot  
  96  12:38  Zealot x3  
  96  12:44  Warp Prism  
  106  13:05  Stalker  
  106  13:06  Stalker  
  106  13:09  Zealot  
  106  13:10  Zealot x3  
  118  13:24  Shield Battery  
  118  13:25  Shield Battery  
  113  13:31  High Templar  
  113  13:32  High Templar x5  
  115  13:43  Archon x3  
  91  14:23  Zealot x4  
  91  14:24  Zealot x2  
  87  14:29  Probe x3  
  90  14:41  Probe x3  
  90  14:44  Zealot x3  
  90  14:45  Zealot x3  
  91  15:07  Zealot x5  
  97  15:15  Probe (Chrono Boost)  
  97  15:16  Probe x2 (Chrono Boost)  
  96  15:36  High Templar x3  
  96  15:37  High Templar x3  
  107  15:54  Immortal  
  109  16:24  Zealot x3  
  109  16:25  Zealot x3  
  101  16:45  Zealot x3  
  101  16:46  Zealot x3  
  74  17:23  Nexus  
  74  17:26  High Templar x3  
  74  17:27  High Templar x3  
  86  17:30  Archon x2  
  86  17:31  Archon  
  86  17:36  Pylon  
  83  18:00  Probe x2  
  85  18:12  Probe x2  
  87  18:24  Probe x2  
  89  18:36  Probe x3  
  89  18:41  Zealot x3  
  94  18:46  Pylon  
  98  18:48  Probe x2  
  100  19:09  Nexus  
  100  19:10  Pylon  
  100  19:17  Zealot x2  
  104  19:33  Protoss Ground Weapons Level 3 (Chrono Boost)  
  104  19:34  Protoss Ground Armor Level 3 (Chrono Boost)  
  64  20:54  Zealot x5  
  64  20:55  Zealot  
  64  20:57  Probe x4  
  74  21:09  Probe x4  
  57  21:28  High Templar x6  
  57  21:32  Archon x2  
  69  21:33  Archon  
  45  22:46  Probe x4  
  49  22:58  Probe x4  
  53  23:08  High Templar x6  
  53  23:10  Probe x4  
  53  23:12  Archon x2  
  69  23:13  Archon  
  67  23:26  Probe x2  
  69  23:44  Zealot  
  69  23:47  Probe  
  62  24:06  Zealot x2  
  42  24:50  Stalker  
  42  24:51  Stalker x4  
Show
View Real Time Build Order
Export as new Build Order

Massa Terran 

Build Orders:  

Get SALT Encoding   

  12  0:15  SCV  
  12  0:18  Supply Depot  
  13  0:27  SCV  
  14  0:43  SCV  
  14  0:44  Barracks  
  15  0:56  SCV  
  16  1:08  SCV  
  17  1:20  SCV  
  18  1:32  SCV  
  18  1:44  SCV  
  19  1:56  SCV  
  19  1:59  Marine  
  21  2:08  SCV  
  21  2:09  Refinery  
  21  2:17  Marine  
  21  2:20  SCV, Barracks  
  23  2:27  Barracks  
  23  2:29  Supply Depot  
  23  2:43  Orbital Command  
  23  2:44  Barracks  
  23  2:50  Marine  
  24  2:53  Refinery  
  24  3:08  Marine  
  25  3:19  Command Center  
  25  3:23  Marine x2  
  25  3:25  Factory  
  25  3:26  Marine  
  28  3:32  Marine  
  29  3:39  Supply Depot  
  29  3:41  Marine x2  
  31  3:48  Barracks Tech Lab  
  31  4:01  Marine x3  
  34  4:09  Supply Depot  
  34  4:10  Factory Tech Lab  
  34  4:14  Marauder  
  36  4:19  Marine x3  
  36  4:23  Combat Shield  
  39  4:35  Marine  
  40  4:53  Marauder  
  40  4:55  Siege Tank  
  45  5:00  SCV x2  
  47  5:09  Supply Depot  
  47  5:15  Marauder  
  49  5:21  Marine  
  48  5:36  Marauder  
  49  5:46  Marine x3  
  52  5:57  Marauder  
  52  6:07  Marine  
  52  6:08  Marine x2  
  39  6:19  Marauder  
  41  6:25  Marine x2  
  41  6:26  Siege Tank  
  41  6:27  Marine  
  44  6:40  Marauder  
  44  6:44  Marine x2  
  44  6:45  Marine  
  49  6:48  SCV  
  44  7:01  Marauder  
  44  7:02  Marine x3  
  49  7:23  Marauder  
  41  7:30  Siege Tank  
  41  7:32  Marine x3  
  45  7:44  Marauder  
  45  7:50  Marine x3  
  45  8:02  Siege Tank  
  48  8:06  Marauder  
  48  8:08  Marine x3  
  53  8:14  SCV  
  55  8:23  Orbital Command  
  55  8:25  Marine x2  
  55  8:26  SCV, Marine  
  58  8:27  Marauder  
  60  8:34  Siege Tank  
  63  8:43  Marine x3  
  53  8:48  Marauder  
  50  9:01  Marine x3  
  47  9:10  Marauder  
  44  9:19  Marine x3  
  45  9:26  Siege Tank  
  50  9:31  Marauder  
  50  9:37  Marine x3  
  53  9:48  SCV  
  53  9:49  SCV  
  57  9:53  Marauder  
  57  9:54  Marine  
  58  10:00  Barracks Reactor  
  58  10:01  SCV x2  
  60  10:08  Engineering Bay  
  60  10:12  Refinery  
  60  10:13  SCV  
  63  10:14  Marauder  
  63  10:16  Marine  
  63  10:17  Marine  
  65  10:30  Siege Tank  
  65  10:33  Engineering Bay  
  65  10:34  Marine  
  65  10:35  Marine  
  70  10:59  Marine  
  70  11:01  Supply Depot  
  70  11:07  Command Center  
  70  11:11  Marine  
  70  11:13  Marauder  
  70  11:17  Marine  
  60  11:24  Supply Depot  
  46  11:27  Marine x2  
  46  11:28  Marine  
  49  11:34  Marauder, Marine  
  49  11:38  Terran Infantry Armor Level 1, Terran Infantry Weapons Level 1  
  45  11:40  Siege Tank  
  45  11:45  Marine x2  
  45  11:46  Marine  
  51  11:47  Supply Depot  
  51  11:49  Armory  
  51  11:52  Marine  
  48  11:55  Marauder  
  50  12:03  Starport  
  50  12:07  Starport  
  50  12:11  Supply Depot  
  50  12:12  Siege Tank  
  53  12:16  Marine  
  53  12:19  SCV  
  53  12:20  SCV  
  53  12:22  Orbital Command  
  56  12:24  Marine x4  
  60  12:31  SCV  
  60  12:32  SCV  
  60  12:35  Marauder, Supply Depot  
  64  12:42  Marine x4  
  64  12:44  SCV x2  
  70  12:56  SCV x2, Marauder  
  70  12:57  Supply Depot  
  74  13:00  Marine x4  
  78  13:08  SCV x2  
  80  13:15  Barracks  
  80  13:17  Marauder  
  80  13:18  Marine x4  
  86  13:35  Marine  
  86  13:36  Marine x3  
  86  13:39  Marauder  
  92  13:50  Thor  
  92  13:53  Marine  
  92  13:54  Marine x3  
  101  14:00  Marauder  
  102  14:03  Terran Infantry Armor Level 2  
  102  14:04  Terran Infantry Weapons Level 2  
  102  14:11  Marine x2  
  102  14:12  Marine  
  102  14:14  Barracks Reactor  
  99  14:22  Marauder  
  99  14:32  Thor  
  105  14:41  Marine x2  
  105  14:42  Marine x2  
  105  14:43  Marauder  
  111  14:59  Marine x2  
  113  15:00  Marine x2  
  113  15:04  Marauder  
  117  15:12  Viking x2  
  121  15:15  Thor  
  121  15:17  Marine x2, Missile Turret  
  129  15:26  Marauder  
  131  15:38  Missile Turret  
  131  15:42  Viking  
  133  15:56  Viking  
  132  16:00  Missile Turret  
  132  16:10  Marine  
  133  16:13  Marine x3  
  133  16:22  Marine  
  133  16:23  Marine  
  132  16:27  Marauder  
  132  16:31  Marine x2  
  132  16:32  Marine  
  133  16:33  Marine, Viking  
  133  16:34  Thor  
  133  16:39  Marine  
  79  16:48  Marauder  
  69  17:05  Marine x3  
  69  17:06  Marine x3  
  64  17:09  Marauder  
  64  17:17  Thor  
  68  17:23  Marine x6  
  68  17:26  Sensor Tower  
  74  17:31  Marauder  
  74  17:32  Refinery  
  76  17:41  Marine, Command Center  
  77  17:46  Sensor Tower  
  77  17:52  Marauder  
  79  18:11  Sensor Tower  
  79  18:13  Marauder  
  79  18:17  Refinery  
  81  18:25  SCV  
  82  18:29  Marine x2  
  82  18:30  Marine x4  
  88  18:34  Marine  
  88  18:37  SCV  
  91  18:41  SCV  
  91  18:47  Marine x6  
  97  18:49  SCV  
  97  18:52  Marine  
  97  18:53  SCV  
  100  19:01  SCV  
  101  19:03  Sensor Tower  
  101  19:05  Refinery, SCV, Marine x6  
  108  19:10  Marine  
  108  19:11  Thor  
  108  19:13  SCV  
  116  19:23  Marine x2  
  118  19:26  SCV  
  119  19:46  Planetary Fortress  
  119  19:50  SCV  
  120  20:02  SCV  
  115  20:08  Thor  
  121  20:14  SCV  
  121  20:15  SCV x2  
  124  20:26  SCV  
  124  20:27  SCV x2  
  124  20:28  SCV  
  125  20:39  SCV x2  
  125  20:40  SCV  
  69  20:43  Marauder, Marine x4  
  69  20:44  Marine x2  
  59  20:51  SCV, Thor  
  64  21:01  Marine x5  
  64  21:02  Marine  
  64  21:03  SCV  
  71  21:04  Marauder  
  71  21:11  Refinery  
  73  21:19  Marine  
  73  21:20  Marine x2  
  73  21:22  Medivac x2  
  73  21:24  Marine  
  73  21:25  Marine x2  
  83  21:26  Marauder  
  83  21:29  Stimpack  
  70  21:47  Marauder  
  70  21:52  Medivac x2  
  72  21:55  Marine  
  72  21:57  Marine x5  
  68  22:01  Thor  
  63  22:09  Marauder  
  63  22:13  Barracks, Marine  
  63  22:14  Marine  
  63  22:15  Marine x2  
  57  22:30  Marauder, Marine  
  57  22:32  Marine  
  57  22:33  Marine x2  
  57  22:48  Marine  
  57  22:50  Marine  
  57  22:51  Marauder, Marine x2  
  63  23:06  Marine  
  63  23:08  Marine  
  63  23:09  Marine x2, Concussive Shells  
  67  23:13  Marauder  
  67  23:15  SCV  
  70  23:24  Marine  
  70  23:26  Marine x2, Thor  
  79  23:29  Terran Infantry Armor Level 3  
  81  23:34  Marauder  
  81  23:37  Barracks  
  81  23:47  Command Center  
  81  23:49  Marine  
  81  23:50  Marine x2  
  81  23:54  Barracks Tech Lab  
  86  23:56  Marauder  
  68  24:07  Marine x2  
  68  24:08  Marine  
  63  24:16  Marauder  
  62  24:17  Marauder  
  60  24:25  Marine x2  
  60  24:31  Barracks Tech Lab  
  62  24:36  Medivac  
  62  24:37  Medivac  
  62  24:38  Marauder x2  
  62  24:43  Barracks Tech Lab  
  46  24:59  Marauder  
  46  25:06  Medivac  
  42  25:17  Marine  
  42  25:18  Marine  
  46  25:35  Marine x2  
  44  25:40  Barracks  
  44  25:43  Command Center  
  32  26:04  Barracks  
Show
View Real Time Build Order
Export as new Build Order

qqq Zerg 

Build Orders: Hatch First, Zergling Baneling 

Get SALT Encoding   

  12  0:02  Drone  
  13  0:09  Drone  
  14  0:36  Hatchery  
  13  0:50  Spawning Pool  
  12  1:00  Overlord  
  12  1:03  Drone  
  13  1:10  Drone  
  14  1:17  Extractor, Drone  
  14  1:23  Drone  
  15  1:35  Drone  
  15  1:38  Queen  
  18  1:48  Queen  
  18  1:52  Drone  
  21  1:57  Drone  
  22  2:06  Zergling x2  
  22  2:07  Drone  
  24  2:22  Drone x2  
  26  2:23  Drone x2  
  28  2:42  Baneling Nest  
  27  2:49  Zergling x2  
  28  2:51  Overlord x3  
  28  2:54  Overlord  
  28  3:00  Metabolic Boost  
  28  3:11  Zergling x6  
  31  3:19  Zergling x6  
  35  3:20  Zergling x2  
  35  3:25  Zergling x2  
  35  3:26  Zergling x2  
  37  3:31  Zergling x2  
  37  3:32  Zergling x4  
  40  3:37  Baneling  
  40  3:38  Baneling x3  
  40  3:39  Baneling  
  40  3:42  Drone  
  40  3:44  Drone  
  40  3:48  Zergling x2  
  43  3:50  Zergling x2  
  43  3:53  Zergling x2  
  45  3:58  Baneling x3  
  46  4:02  Zergling x2  
  46  4:03  Zergling x2  
  46  4:06  Zergling x2  
  48  4:12  Zergling x4  
  48  4:14  Drone  
  48  4:15  Drone  
  52  4:17  Zergling x2  
  52  4:20  Zergling x2  
  54  4:26  Zergling x4  
  54  4:27  Zergling x2  
  57  4:34  Zergling x2  
  57  4:35  Zergling x4  
  57  4:43  Zergling x6  
  57  4:44  Zergling x2  
  57  4:56  Queen  
  57  4:58  Zergling x2  
  60  5:05  Drone, Spine Crawler  
  37  5:41  Zergling x6  
  35  5:43  Zergling x2  
  35  5:44  Zergling x4  
  34  5:53  Zergling x2  
  34  5:55  Zergling x2  
  34  6:11  Zergling x2  
  35  6:12  Zergling x2  
  35  6:18  Zergling x2  
  37  6:19  Zergling x8  
  40  6:36  Zergling x8  
  34  7:05  Zergling x6  
  34  7:06  Zergling x6  
  35  7:20  Zergling x4  
  35  7:21  Zergling x8  
  41  7:30  Zergling x2  
  42  7:37  Zergling x2  
  42  7:38  Drone  
  42  7:42  Hatchery  
  43  7:51  Zergling x6  
  46  7:52  Zergling x8  
  46  7:53  Hatchery  
  47  8:07  Zergling x2  
  48  8:13  Zergling x2  
  48  8:14  Zergling x4  
  48  8:19  Lair  
  51  8:25  Zergling x6  
  51  8:26  Zergling x8  
  58  8:30  Drone  
  35  9:03  Zergling x4  
  35  9:04  Zergling x8  
  35  9:05  Zergling x8  
  44  9:11  Drone x2  
  44  9:12  Zergling x2  
  42  9:44  Zergling x4  
  42  9:45  Zergling x10  
  43  9:46  Drone x4, Zergling x2  
  43  9:47  Drone, Zergling x2  
  52  10:00  Spire  
  52  10:03  Extractor  
  52  10:04  Zergling x4  
  52  10:07  Drone  
  52  10:12  Zergling x2  
  54  10:14  Zergling x2  
  54  10:15  Drone  
  54  10:17  Drone  
  54  10:18  Zergling x2  
  58  10:29  Zergling x8  
  58  10:30  Zergling x2  
  58  10:32  Drone  
  62  10:56  Zergling x6  
  47  10:57  Zergling x8  
  47  10:58  Zergling x4  
  49  11:08  Drone x3  
  49  11:09  Zergling x6  
  49  11:10  Zergling x4  
  51  11:46  Zergling x2  
  51  11:47  Zergling x12  
  48  11:48  Zergling x8  
  48  11:52  Drone x2  
  48  11:53  Mutalisk  
  56  11:54  Mutalisk x4  
  56  11:59  Mutalisk x2  
  70  12:05  Zerg Flyer Weapons Level 1  
  70  12:08  Overlord x2  
  70  12:21  Overlord  
  70  12:30  Extractor  
  70  12:34  Extractor, Mutalisk x2, Overlord  
  70  12:35  Mutalisk  
  70  12:36  Drone x5  
  70  12:37  Drone x2  
  81  12:47  Zergling x4  
  81  12:48  Drone x2  
  81  12:49  Zergling x2  
  81  12:50  Overlord  
  86  12:53  Mutalisk  
  88  13:01  Zergling x2  
  88  13:02  Zergling x6  
  92  13:18  Mutalisk  
  92  13:19  Overlord  
  94  13:33  Mutalisk  
  96  13:35  Zergling x4  
  96  13:36  Drone x2, Zergling x6  
  96  13:40  Extractor  
  90  13:51  Mutalisk  
  58  14:10  Mutalisk  
  58  14:12  Zergling x2  
  58  14:13  Drone x2, Zergling x2  
  58  14:14  Drone x2  
  37  14:25  Drone x4  
  39  14:32  Mutalisk  
  41  14:39  Hatchery  
  41  14:42  Hatchery, Drone x2  
  39  14:52  Hatchery  
  31  15:01  Drone x2  
  31  15:03  Mutalisk  
  34  15:12  Drone x2  
  34  15:13  Drone  
  37  15:27  Drone x2  
  39  15:55  Drone x5  
  43  16:11  Spine Crawler  
  43  16:13  Spine Crawler  
  43  16:15  Drone, Spine Crawler  
  43  16:16  Drone x3  
  44  16:33  Zergling x6  
  44  16:39  Infestation Pit  
  46  16:42  Drone x4  
  46  16:43  Drone x5  
  55  17:02  Drone x3  
  55  17:05  Spine Crawler  
  55  17:08  Spine Crawler x2  
  55  17:11  Drone x2  
  55  17:12  Spine Crawler  
  56  17:31  Drone x6  
  56  17:32  Drone  
  56  17:35  Hive  
  64  17:37  Zergling x4  
  62  17:59  Drone x2  
  62  18:00  Drone x4  
  68  18:08  Extractor  
  67  18:16  Extractor  
  67  18:17  Drone x4  
  70  18:21  Hatchery  
  69  18:35  Mutalisk  
  69  18:36  Mutalisk  
  69  18:38  Zergling x8  
  69  18:40  Drone x4  
  81  18:44  Hatchery  
  67  19:24  Drone x6  
  68  19:44  Mutalisk x3, Zergling x4  
  76  19:46  Drone x4  
  76  19:47  Drone  
  82  19:54  Drone, Spine Crawler x2  
  82  19:55  Drone  
  82  19:57  Spine Crawler  
  76  20:01  Greater Spire  
  70  20:20  Drone  
  70  20:21  Drone x4  
  57  20:30  Zergling x6  
  60  20:37  Extractor  
  60  20:38  Drone x2  
  60  20:41  Extractor x2  
  59  21:06  Drone x5  
  63  21:30  Drone  
  63  21:31  Drone x4  
  68  21:40  Corruptor x3  
  68  21:41  Corruptor  
  73  22:05  Corruptor x2  
  77  22:12  Brood Lord x3  
  77  22:13  Spine Crawler  
  77  22:15  Spine Crawler  
  81  22:16  Spine Crawler  
  81  22:18  Brood Lord  
  81  22:20  Drone x4  
  81  22:21  Drone x2  
  88  22:30  Zergling x4  
  88  22:35  Hatchery  
  83  22:49  Corruptor x2  
  83  22:50  Drone x2  
  83  22:51  Drone x2  
  85  22:58  Brood Lord  
  87  23:14  Spine Crawler  
  87  23:16  Spine Crawler  
  84  23:39  Spine Crawler  
  82  23:48  Brood Lord  
  84  23:50  Drone  
  84  23:52  Hatchery  
  84  23:53  Drone  
  85  24:13  Brood Lord  
  83  24:24  Brood Lord  
  77  24:29  Corruptor  
  62  25:02  Corruptor  
Tags
 
Add a new tag
Caveats
  • Supply blocks, unpowered buildings, or Contaminate may cause inaccurate times.
  • Supply counts are checked every 10 seconds.